 Dungeon Crawl Stone Soup version 0.19-a0-1007-g133f65f (webtiles) character file.

1154 mistymad the Skirmisher (level 8, -3/65 HPs)
             Began as a Formicid Abyssal Knight on July 19, 2016.
             Was an Elder of Lugonu.
             Slain by an ogre
             ... wielding a +0 giant spiked club
              (11 damage)
             ... on level 6 of the Dungeon.
             The game lasted 00:15:50 (8140 turns).

mistymad the Skirmisher (Formicid Abyssal Knight)   Turns: 8140, Time: 00:15:50

Health: -3/65      AC: 13    Str: 19    XL:     8   Next: 65%
Magic:  9/9        EV:  6    Int: 12    God:    Lugonu [****..]
Gold:   426        SH: 10    Dex: 10    Spells: 0 memorised, 7 levels left

rFire  . . .     SeeInvis +     a - +1 hand axe
rCold  . . .     Gourm    .     g - +0 chain mail
rNeg   + . .     Faith    .     e - +0 shield
rPois  .         Spirit   .     (helmet unavailable)
rElec  .         Dismiss  .     (no cloak)
rCorr  .         Reflect  .     y - +0 pair of gloves
SustAt .         Harm     .     B - +1 pair of boots
MR     .....                    (no amulet)
Stlth  ..........               t - ring of positive energy
                                (no ring)

@: invisible, not resistant to hostile enchantments, extremely unstealthy
A: permanent stasis, dig shafts and tunnels, four strong arms, antennae 3
a: Dig, Shaft Self, Depart the Abyss, Bend Space, Banish, Corrupt, Renounce
Religion


You were on level 6 of the Dungeon.
You worshipped Lugonu.
Lugonu was greatly pleased with you.
You were not hungry.

You visited 1 branch of the dungeon, and saw 6 of its levels.
You visited the Abyss 1 time.

You collected 426 gold pieces.

Inventory:

Hand Weapons
 a - a +1 hand axe (weapon)
Armour
 e - a +0 shield (worn)
 g - a +0 chain mail (worn)
 y - a +0 pair of gloves (worn)
 B - a +1 pair of boots (worn)
Jewellery
 t - a ring of positive energy (right hand)
 u - a cursed amulet of inaccuracy
 A - an uncursed ring of ice
Scrolls
 f - a scroll of fear
 i - a scroll of magic mapping {unknown}
 k - 3 scrolls of teleportation {unknown}
 l - 3 scrolls of noise {unknown}
 n - 3 scrolls of remove curse
 q - a scroll of recharging {unknown}
 r - a scroll of amnesia {unknown}
 s - 2 scrolls of enchant weapon {unknown}
 v - 3 scrolls of enchant armour {unknown}
 D - a scroll of immolation {unknown}
Potions
 b - a potion of ambrosia
 d - a potion of invisibility
 h - a potion of degeneration {unknown}
 o - a potion of heal wounds
 p - 4 potions of curing
 w - a potion of mutation
 x - a potion of flight {unknown}
 z - a potion of magic {unknown}
 C - a potion of might {unknown}
 E - a potion of berserk rage {unknown}
 F - a potion of haste {unknown}
Comestibles
 c - 3 bread rations
 j - 4 beef jerkies
 m - 5 meat rations


   Skills:
 + Level 6.5 Fighting
 + Level 5.3 Axes
 + Level 5.2 Armour
 - Level 0.8 Dodging
 + Level 5.4 Shields
 - Level 2.1 Invocations


You had 7 spell levels left.
You didn't know any spells.

Dungeon Overview and Level Annotations

Branches:
Dungeon (6/15)
 Temple: D:4-7

Altars:
Xom

Annotations:
D:3 Pikel
D:4 mistymad's ghost, amateur FoAK


Innate Abilities, Weirdness & Mutations

You are under a permanent stasis effect.
You can dig through walls and to a lower floor.
Your four strong arms can wield two-handed weapons with a shield.
You have a pair of large antennae on your head. (SInv)


Message History

You hit the orc warrior.
The orc warrior is severely wounded.
You block the orc warrior's attack.
Your chain mail prevents you from hitting the orc warrior.
The orc warrior is severely wounded.
The orc warrior hits you with a trident!
* * * LOW HITPOINT WARNING * * *
You take 11 damage, and have 6/65 hp.
You feel much better. The orc warrior closely misses you.
You regained 21 hp, and now have 27/65 hp.
The orc warrior hits you with a trident.
You climb downwards.
The ogre hits you with a giant spiked club!
* * * LOW HITPOINT WARNING * * *
There is a stone staircase leading up, spattered with blood here.
You take 19 damage, and have 8/65 hp.
MASSIVE DAMAGE!!
You fade into invisibility!
The orc warrior barely misses you.
The ogre hits you with a giant spiked club!
You die...

#.# ###o####
#......########
.....{.##.....#
.......##.....#######
........#.....'.....#
.......#......#####.#
.......##....5o####.#
....#'###...o..O@##.#
....#.# #......####.#
....#.# #......# #.#
....#.###......# #.#
....#..........# #.#
....##########.# #.#
...............# #.#
.........###...####.#####
...........'...+........#


You could see an orc warrior, an ogre, an orc wizard and a shadow imp.

Vanquished Creatures
  A phantom (D:5)
  An ice beast (D:5)
  3 slaves (D:4)
  An ogre (D:5)
  A centaur (D:5)
  Blork the orc (D:4)
  A scorpion (D:5)
  A crimson imp (D:5)
  A giant frog zombie (D:5)
  3 hounds
  2 centaur skeletons
  An iguana (D:5)
  A worker ant (D:5)
  An orc wizard (D:4)
  Robin (D:4)
  11 gnolls
  12 adders
  A howler monkey skeleton (D:4)
  2 oozes
  An adder zombie (D:6)
  2 worms
  3 dart slugs
  3 giant geckos
  10 orcs
  2 ball pythons
  5 giant cockroaches
  20 goblins
  8 hobgoblins
  15 jackals
  11 kobolds
  4 quokkas
  12 bats
  4 giant newts
  8 rats
154 creatures vanquished.

Notes
Turn   | Place    | Note
-------+----------+-------------------------------------------
     0 | Abyss:1  | mistymad the Formicid Abyssal Knight began the quest for the Orb.
     0 | Abyss:1  | Reached XP level 1. HP: 18/18 MP: 2/2
    32 | Abyss:1  | Noticed a purple very ugly thing
    32 | Abyss:1  | Noticed an ancient zyme
    35 | D:1      | Escaped the Abyss
   224 | D:1      | Reached * piety under Lugonu
   351 | D:1      | Reached XP level 2. HP: 21/24 MP: 3/3
   544 | D:1      | Reached skill level 1 in Shields
   562 | D:1      | Reached XP level 3. HP: 27/30 MP: 4/4
   916 | D:2      | Found a faded altar of an unknown god.
  1008 | D:2      | Reached XP level 4. HP: 35/37 MP: 5/5
  1064 | D:2      | Reached skill level 4 in Fighting
  1247 | D:2      | Reached ** piety under Lugonu
  1812 | D:2      | Reached XP level 5. HP: 38/42 MP: 6/6
  2454 | D:3      | Reached *** piety under Lugonu
  2727 | D:3      | Reached XP level 6. HP: 39/49 MP: 7/7
  2967 | D:3      | Found a shimmering altar of Xom.
  3709 | D:4      | Noticed Pikel
  4053 | D:4      | Noticed a slave
  4062 | D:4      | Noticed a slave
  4071 | D:4      | Killed a slave
  4093 | D:4      | Killed a slave
  4114 | D:4      | Reached skill level 5 in Fighting
  4158 | D:4      | Noticed Blork the orc
  4379 | D:4      | Noticed mistymad's ghost (amateur FoAK)
  4387 | D:4      | Killed Blork the orc
  4387 | D:4      | Reached XP level 7. HP: 33/56 MP: 8/8
  4669 | D:4      | Reached **** piety under Lugonu
  4671 | D:4      | Noticed Robin
  4695 | D:4      | Killed Robin
  5335 | D:5      | Entered Level 5 of the Dungeon
  5850 | D:5      | Reached XP level 8. HP: 30/64 MP: 9/9
  6605 | D:5      | Reached skill level 6 in Fighting
  7034 | D:5      | Reached skill level 5 in Axes
  7034 | D:5      | Reached skill level 5 in Armour
  7034 | D:5      | Reached skill level 5 in Shields
  8129 | D:5      | HP: 3/65 [orc warrior/trident (13)]
  8140 | D:6      | Slain by an ogre

Vault maps used:
D:1:      sevenhm_arrival_forest_fort_large_4, minmay_pentomino_q2
D:2:      ecumenical_altar_1
D:3:      tgw_xom
D:4:      uniq_robin, uniq_pikel, uniq_blork_the_orc
D:5:      first_bread
D:6:      kennysheep_slug_shrine, st_stairs_4

Skill      XL: |  1  2  3  4  5  6  7  8 |
---------------+-------------------------+-----
Shields        | 1 2 3 4 5 |  5.4
Fighting       | 4 5 6 |  6.5
Axes           | 3 4 5 |  5.3
Armour         | 3 4 5 |  5.2
Dodging        | |  0.8
Invocations    | |  2.1

Action                   |  1- 3 |  4- 6 |  7- 9 || total
-------------------------+-------+-------+-------++-------
Melee: Hand axe          |    95 |   432 |   374 ||   901
Invok: Depart the Abyss  |     1 |       |       ||     1
 Abil: Dig               |       |     2 |     2 ||     4
  Use: Scroll            |       |     4 |     4 ||     8
       Potion            |       |       |     4 ||     4
  Eat: Chunk             |       |    12 |     9 ||    21
       Bread ration      |       |       |     1 ||     1
Armor: Chain mail        |    55 |   236 |   176 ||   467
Dodge: Dodged            |    19 |   112 |    86 ||   217
Block: Shield            |    43 |   211 |   165 ||   419
